 Dungeon Crawl Stone Soup version 0.22.1-1-ga44c0e56f4 (webtiles) character file.

2417 OdinFK the Carver (level 9, -33/81 HPs)
             Began as a Minotaur Berserker on Sept 20, 2018.
             Was an Elder of Trog.
             Annihilated by a tentacled starspawn (34 damage)
             ... on level 2 of the Abyss.
             The game lasted 00:17:30 (4993 turns).

OdinFK the Carver (Minotaur Berserker)              Turns: 4993, Time: 00:17:31

Health: -33/81     AC: 11    Str: 25    XL:     9   Next: 23%
Magic:  8/8        EV: 11    Int:  4    God:    Trog [****..]
Gold:   347        SH:  0    Dex: 10    Spells: 8/8 levels left

rFire    + . .     SeeInvis .   a - +0 falchion
rCold    . . .     Gourm    .   (no shield)
rNeg     . . .     Faith    .   h - +1 scale mail
rPois    +         Spirit   .   (helmet restricted)
rElec    .         Reflect  .   (no cloak)
rCorr    .         Harm     .   j - +0 pair of gloves
MR       .....                  u - +0 pair of boots (curse)
Stlth    ..........             (no amulet)
HPRegen  0.23/turn              q - ring of protection from fire
MPRegen  0.11/turn              i - ring of poison resistance

@: very slightly contaminated, slowed, very slow
A: retaliatory headbutt, horns 2
a: Berserk, Trog's Hand, Brothers in Arms, Renounce Religion


You were on level 2 of the Abyss.
You worshipped Trog.
Trog was greatly pleased with you.
You were not hungry.

You visited 1 branch of the dungeon, and saw 6 of its levels.
You visited the Abyss 1 time.

You collected 347 gold pieces.

Inventory:

Hand Weapons
 a - a +0 falchion (weapon)
Armour
 h - a +1 scale mail (worn)
 j - a +0 pair of gloves (worn)
 u - a cursed +0 pair of boots (worn)
Jewellery
 i - a ring of poison resistance (right hand)
 q - a ring of protection from fire (left hand)
 r - an uncursed ring of protection from cold {unknown}
Scrolls
 l - 4 scrolls of identify
 m - 2 scrolls of enchant weapon {unknown}
 n - a scroll of fear
 o - 2 scrolls of immolation
 p - 2 scrolls of enchant armour
 s - a scroll of blinking
 w - 4 scrolls of noise
Potions
 b - a potion of brilliance
 d - 5 potions of curing
 e - a potion of invisibility
 f - 2 potions of lignification {unknown}
 g - 2 potions of magic {unknown}
 k - 2 potions of resistance {unknown}
 t - 2 potions of heal wounds {unknown}
 v - 4 potions of might {unknown}
 x - a potion of haste {unknown}
 z - a potion of ambrosia {unknown}
 C - a potion of agility {unknown}
Comestibles
 c - 8 rations


   Skills:
 + Level 7.8 Fighting
 + Level 11.1 Long Blades
 + Level 8.1 Armour
 - Level 2.1 Dodging


You had 8 spell levels left.
You didn't know any spells.
Your spell library was empty.

Dungeon Overview and Level Annotations

Branches:
Dungeon (6/15)
 Temple: D:4-7

Altars:
Cheibriados
Makhleb
Nemelex Xobeh
Qazlal
Sif Muna
Uskayaw
Zin

Annotations:
D:5 uaBArt's ghost, novice OpWz


Innate Abilities, Weirdness & Mutations

You reflexively headbutt those who attack you in melee.
You have a pair of horns on your head.


Message History

Press: ? - help, Dir - move target cursor You escape the starspawn tentacle's grasp.
You are very lightly contaminated with residual magic.
As you read the scroll of blinking, it crumbles to dust.
Tentacles burst from the starspawn's body! 2 starspawn tentacles come into view.
Found a bubbling inky potion.
g - 2 bubbling inky potions (gained 1)
A crimson imp comes into view.
The guardian serpent casts a spell at you.
You feel yourself slow down. The guardian serpent hits you.
The guardian serpent casts a spell at you.
You resist with significant effort. The guardian serpent hits you!
The guardian serpent weaves intricate patterns with the tip of its tongue.
The tentacled starspawn bites you!!
* * * LOW HITPOINT WARNING * * *
The tentacled starspawn closely misses you.
The tentacled starspawn bites you!!
You die...

###...#.# #.#....
###.#.#.#.##.# # ##
#.##.....##.#####..
.##...#....X.#.#...
##........##..###..#
##....#....##.....##.
#..#..#.###.#........
#.#X.S...#.##....#..#
#..@#..#.## ...##. .
#..##....#.##..# . .
##. ...#..# 5### .
.#......## # ## #
#...# #...# ...#


You could see a tentacled starspawn and a guardian serpent.

Vanquished Creatures
  Pikel (D:4)
  Prince Ribbit (D:5)
  An ice beast (D:6)
  2 sky beasts (D:6)
  2 centaurs
  4 ogres
  A crocodile (D:5)
  Blork the orc (D:5)
  A wyvern zombie (D:6)
  A water moccasin zombie (D:5)
  A water moccasin skeleton (D:4)
  A crimson imp (D:6)
  A bullfrog zombie (D:6)
  2 hounds (D:5)
  2 jellies (D:3)
  An orc priest (D:4)
  3 orc wizards
  A bullfrog skeleton (D:5)
  An iguana (D:5)
  A worker ant (D:6)
  A hound skeleton (D:6)
  8 adders
  4 gnolls (D:3)
  A shadow imp (D:5)
  12 oozes
  2 adder skeletons
  An adder zombie (D:5)
  3 worms
  A dart slug (D:2)
  6 leopard geckos
  22 orcs
  A ball python (D:5)
  11 bats
  3 giant cockroaches
  6 goblins
  10 hobgoblins
  7 jackals
  17 kobolds
  2 quokkas
  A frilled lizard (D:1)
  6 rats
154 creatures vanquished.

Vanquished Creatures (others)
  A worker ant (D:4)
  An orc (D:4)
  4 fungi
  3 plants (D:5)
  4 starspawn tentacles (Abyss:2)
  7 toadstools (D:3)
20 creatures vanquished.

Grand Total: 174 creatures vanquished

Notes
Turn   | Place    | Note
-------+----------+-------------------------------------------
     0 | D:1      | OdinFK the Minotaur Berserker began the quest for the Orb.
     0 | D:1      | Reached XP level 1. HP: 19/19 MP: 0/0
     0 | D:1      | Noticed an iron dragon
     2 | D:1      | Noticed a golden dragon
     2 | D:1      | Noticed a tentacled monstrosity
     4 | D:1      | Noticed an ice dragon
     7 | D:1      | Noticed a shadow dragon
     8 | D:1      | Noticed an iron dragon
    10 | D:1      | Noticed a white draconian
    10 | D:1      | Noticed a large abomination
    12 | D:1      | Noticed a large abomination
    12 | D:1      | Noticed an ice dragon
    14 | D:1      | Noticed a green draconian
    14 | D:1      | Noticed a large abomination
    14 | D:1      | Noticed an iron dragon
    19 | D:1      | Noticed a large abomination
    19 | D:1      | Noticed an ice dragon
    21 | D:1      | Noticed an iron dragon
   145 | D:1      | HP: 1/20 [kobold/whip (2)]
   146 | D:1      | Reached skill level 4 in Long Blades
   146 | D:1      | Reached XP level 2. HP: 2/27 MP: 1/1
   599 | D:1      | Reached ** piety under Trog
  1039 | D:2      | Reached XP level 3. HP: 33/33 MP: 2/2
  1778 | D:3      | Reached XP level 4. HP: 33/41 MP: 3/3
  1786 | D:3      | Reached skill level 5 in Long Blades
  1963 | D:3      | Reached *** piety under Trog
  1994 | D:3      | Reached XP level 5. HP: 25/47 MP: 4/4
  2324 | D:3      | Found a hide-covered altar of Uskayaw.
  2331 | D:3      | Found a stormy altar of Qazlal.
  2405 | D:3      | Reached skill level 5 in Fighting
  2405 | D:3      | Reached skill level 6 in Long Blades
  2475 | D:3      | Found a sparkling altar of Nemelex Xobeh.
  2538 | D:3      | Reached XP level 6. HP: 45/56 MP: 5/5
  2717 | D:3      | Reached **** piety under Trog
  2728 | D:4      | Reached skill level 7 in Long Blades
  2819 | D:4      | Reached XP level 7. HP: 58/62 MP: 6/6
  2917 | D:4      | Lost intelligence.
  2946 | D:4      | Found a deep blue altar of Sif Muna.
  2969 | D:4      | Noticed Pikel
  2984 | D:4      | Killed Pikel
  2984 | D:4      | Reached skill level 8 in Long Blades
  2984 | D:4      | Reached skill level 5 in Armour
  2984 | D:4      | Reached XP level 8. HP: 71/71 MP: 7/7
  3380 | D:4      | Reached skill level 9 in Long Blades
  3521 | D:5      | Entered Level 5 of the Dungeon
  3663 | D:5      | Found a snail-covered altar of Cheibriados.
  3717 | D:5      | Found a runed gate.
  3718 | D:5      | Found a runed gate.
  3731 | D:5      | Found a runed gate.
  3732 | D:5      | Noticed uaBArt's ghost (novice OpWz)
  3758 | D:5      | Noticed Prince Ribbit
  4142 | D:6      | Reached skill level 10 in Long Blades
  4172 | D:6      | Found a burning altar of Makhleb.
  4434 | D:5      | Reached XP level 9. HP: 72/79 MP: 8/8
  4583 | D:5      | Noticed Blork the orc
  4588 | D:5      | Killed Blork the orc
  4610 | D:5      | Killed Prince Ribbit
  4610 | D:5      | Reached skill level 11 in Long Blades
  4645 | D:5      | Found a glowing silver altar of Zin.
  4860 | D:5      | Cast into level 2 of the Abyss (big kobold)
  4931 | Abyss:2  | Noticed an orange demon
  4956 | Abyss:2  | Noticed a tentacled starspawn
  4961 | Abyss:2  | Noticed a guardian serpent
  4962 | Abyss:2  | Noticed an orange demon
  4993 | Abyss:2  | HP: 1/81 [tentacled starspawn (25)]
  4993 | Abyss:2  | Annihilated by a tentacled starspawn

Skill      XL: |  1  2  3  4  5  6  7  8  9 |
---------------+----------------------------+-----
Fighting       | 4 5 6 7 |  7.8
Long Blades    | 4 5 6 7 8 10 11 | 11.1
Armour         | 3 4 5 7 8 |  8.1
Dodging        | |  2.1

Action                   |  1- 3 |  4- 6 |  7- 9 || total
-------------------------+-------+-------+-------++-------
Melee: Falchion          |   104 |   111 |   189 ||   404
       Headbutt          |    15 |    30 |    48 ||    93
Invok: Berserk           |       |     3 |     6 ||     9
       Trog's Hand       |       |       |     1 ||     1
  Use: Scroll            |     1 |     5 |     7 ||    13
 Stab: Sleeping          |     1 |       |       ||     1
  Eat: Chunk             |     1 |     8 |    11 ||    20
       Ration            |       |       |     1 ||     1
Armor: Animal skin       |     9 |       |       ||     9
       Scale mail        |    40 |    57 |    67 ||   164
Dodge: Dodged            |    57 |    73 |    84 ||   214
       Rpst.: Falchion   |    16 |    25 |    16 ||    57
